[Event "*** SCC Grand Prix: Titled Tuesday Blitz"]
[Site "Chess.com"]
[Date "2020.07.07"]
[Round "8"]
[White "IsaacWiebe"]
[Black "canary2016"]
[Result "1-0"]
[WhiteElo "2091"]
[BlackElo "1908"]
[TimeControl "180+1"]
[EndTime "11:37:04 PDT"]
[Termination "IsaacWiebe won on time"]

1. d4 d5 2. c4 e6 3. Nf3 Nf6 4. g3 Be7 5. Bg2 O-O 6. O-O c6 7. Nbd2 b6 8. Qc2 Bb7 9. e4 dxe4 10. Nxe4 Nxe4 11. Qxe4 Nd7 12. Rd1 Nf6 13. Qe2 Qc7 14. Bf4 Bd6 15. Bxd6 Qxd6 16. Rac1 Rfd8 17. c5 Qe7 18. Ne5 Rac8 19. b4 Nd5 20. a3 f6 21.
Nc4 Ba6 22. Re1 Re8 23. Bh3 Bxc4 24. Rxc4 Kf7 25. Bxe6+ Qxe6 26. Qh5+ Kg8 27. Rxe6 Rxe6 28. cxb6 axb6 29. b5 Re1+ 30. Kg2 Ne7 31. bxc6 Nxc6 32. Qd5+ Kf8 33. Rxc6 Rce8 34. Qd6+ Kg8 35. Qd5+ Kf8 36. Rxb6 R1e7 37. Qc5 Kg8 38. Qc4+ Kf8 39. Qb4 Kg8 40. Rb7 Re4 41. Qc4+ Kh8 42. Qc7 Rg8 43. Qc5 Ree8 44. d5 Rc8 45. Rc7 Ra8 46. d6 Rab8 47. a4 Rbd8 48.
a5 Ra8 49. Qb6 Rab8 50. Rb7 Rbc8 51. a6 Rcd8 52. Qxd8 Rxd8 53. d7 Kg8 54. a7 Kf8 55. Rb8 Ke7 56. Rxd8 Kxd8 57. a8=Q+ Kxd7 58. Qb7+ Ke8 59. Qxg7 Kd8 60. Qxf6+ Ke8 61. Qh8+ Kf7 62. Qxh7+ 1-0

[Event "*** SCC Grand Prix: Titled Tuesday Blitz"]
[Site "Chess.com"]
[Date "2020.07.07"]
[Round "8"]
[White "Elshan1985"]
[Black "DenisQ"]
[Result "1/2-1/2"]
[WhiteElo "2835"]
[BlackElo "2665"]
[TimeControl "180+1"]
[EndTime "11:37:06 PDT"]
[Termination "Game drawn - insufficient material"]

1. e4 c6 2. d4 d5 3. e5 Bf5 4.
h4 h6 5. g4 Bd7 6. h5 c5 7. c3 Nc6 8. Be3 Qb6 9. Qb3 cxd4 10. Qxb6 axb6 11. cxd4 Nb4 12. Kd2 Rxa2 13. Rxa2 Nxa2 14.
Be2 e6 15. Nc3 Nxc3 16. bxc3 Ne7 17. Nf3 Nc8 18. Rb1 Be7 19. Ne1 f6 20. f4 Kd8 21.
Nd3 Kc7 22. Bf3 Na7 23. exf6 gxf6 24. f5 exf5 25. Nf4 fxg4 26. Nxd5+ Kd8 27. Bg2 Nc8 28. Nxb6 Nxb6 29. Rxb6 Bc8 30. Bf4 f5 31. Rxh6 Rxh6 32. Bxh6 Ke8 33. Ke3 Kf7 34. Bd5+ Kf6 35. Bf4 b5 36. h6 Kg6 37. Bc6 b4 38. c4 b3 39.
Kd3 Ba6 40. Bb5 Bb7 41. d5 Bf6 42. Be8+ Kh7 43. Bd7 Kg6 44. Bc6 Ba6 45. Be8+ Kh7 46. Bb5 Bb7 47. Ba4 b2 48. Bc2 Kg6 49. Ke3 Ba6 50. c5 Bc4 51. d6 Bb5 52. h7 Kxh7 53. Bxf5+ Kg7 54. Bb1 Kf7 55. Ba2+ Ke8 56. Ke4 Kd7 57.
Kf5 Bd4 58. Kxg4 Bxc5 59. Kf3 Bd3 60. Be5 b1=Q 61. Bxb1 Bxb1 62. Kg3 Ba2 63. Bf4 Bxd6 64. Bxd6 1/2-1/2

[Event "*** SCC Grand Prix: Titled Tuesday Blitz"]
[Site "Chess.com"]
[Date "2020.07.07"]
[Round "8"]
[White "Andreikka"]
[Black "TamirNabaty"]
[Result "0-1"]
[WhiteElo "2905"]
[BlackElo "2803"]
[TimeControl "180+1"]
[EndTime "11:37:07 PDT"]
[Termination "TamirNabaty won by resignation"]

1. c4 b6 2. Nc3 Bb7 3. Nf3 e6 4. g3 Bxf3 5. exf3 c5 6. d4 cxd4 7. Qxd4 Nc6 8. Qd1 Rc8 9. f4 Nf6 10. Bd2 Nd4 11. Bd3 Qc7 12. O-O Qb7 13. f3 Bc5 14.
Kg2 O-O 15. Ne4 Be7 16. Bc3 d5 17. cxd5 Qxd5 18. Rf2 Nf5 19. Qe2 Rfd8 20. Ba6 Rc7 21. Re1 Qxa2 22. Be5 Rcd7 23. Bb5 Nd4 24. Qf1 Nxb5 25. Qxb5 Qd5 26. Qa4 Nxe4 27. fxe4 Qb7 28. Qc2 Bc5 29. Rfe2 Bd4 30. Bxd4 Rxd4 31. Kh3 Qd7 32. e5 g6 33. Qc3 Kg7 34. Qf3 h5 35.
Re3 Rd2 36. R1e2 Qd5 37. Rxd2 Qxf3 38. Rxf3 Rxd2 39. Ra3 Rd7 40. Kh4 Kh6 41. Ra4 Rd2 42.
Kh3 a5 43. b3 Rd3 44. Ra3 g5 45. fxg5+ Kxg5 46. Kg2 Re3 47. Kh3 h4 48. Ra4 hxg3 49.
hxg3 Rxb3 50. Rf4 Kg6 51. Rg4+ Kh6 52. Rh4+ Kg7 53. Rg4+ Kf8 54. Rc4 Re3 55. Rc6 b5 56. Rc5 Rb3 57. Rc8+ Kg7 58. Kh4 a4 59. g4 a3 60. Kg5 a2 61. Ra8 Rb2 0-1

[Event "*** SCC Grand Prix: Titled Tuesday Blitz"]
[Site "Chess.com"]
[Date "2020.07.07"]
[Round "8"]
[White "plumalka"]
[Black "AldokhinIvan"]
[Result "0-1"]
[WhiteElo "2400"]
[BlackElo "2526"]
[TimeControl "180+1"]
[EndTime "11:37:07 PDT"]
[Termination "AldokhinIvan won by resignation"]

1. e4 c5 2. Nf3 e6 3. d4 cxd4 4. Nxd4 a6 5. Bd3 Qc7 6. O-O Nf6 7. Nc3 Bd6 8. Kh1 Nc6 9. Nb3 Bf4 10. Qf3 Bxc1 11. Raxc1 O-O 12. Qh3 d6 13. f4 b5 14.
Rce1 e5 15. Qh4 Nb4 16. fxe5 dxe5 17. Nd5 Nfxd5 18. exd5 Nxd3 19. cxd3 Bb7 20. d4 Bxd5 21. Rxe5 Qc4 22. Nd2 Qc6 23. Rg5 f6 24. Rg3 Rae8 25.
Qg4 Rf7 26. Nf3 Re4 27. Qh3 Be6 28. Qh5 Qd5 29. Qh6 Rg4 30. Rxg4 Bxg4 31. Qf4 Bd7 32. Nh4 Bc6 33. Rf2 g5 34. Qb8+ Rf8 35. Qg3 Qe4 36.
Nf3 Qb1+ 37. Ng1 Qe4 38. h3 Kg7 39. Nf3 Rf7 40. Nh2 h6 41. Ng4 Qg6 42. Ne3 f5 43.
Qe5+ Kh7 44. Nxf5 Bd7 45. Ne7 Qb1+ 46. Kh2 Rxf2 47. Qd6 Qe4 48. Nd5 Qe6 49. Qc5 Qf5 50.
Ne3 Qf4+ 51. Kh1 Qxe3 52. Qc7 Rf1+ 53. Kh2 Qf4+ 0-1

[Event "*** SCC Grand Prix: Titled Tuesday Blitz"]
[Site "Chess.com"]
[Date "2020.07.07"]
[Round "8"]
[White "MrTattaglia"]
[Black "Maghalashvili"]
[Result "1-0"]
[WhiteElo "2929"]
[BlackElo "2760"]
[TimeControl "180+1"]
[EndTime "11:37:08 PDT"]
[Termination "MrTattaglia won on time"]

1. Nf3 d5 2. g3 Nf6 3. Bg2 c6 4. O-O Bf5 5. c4 e6 6. d3 h6 7. cxd5 exd5 8. Qb3 Qb6 9. Qc2 Be7 10. Nc3 O-O 11. e4 Bh7 12. Be3 Qd8 13. Rfe1 Na6 14.
a3 Nc5 15. Rad1 Ne6 16. Nd4 c5 17. Nxe6 fxe6 18. Bf4 d4 19. Ne2 Ng4 20. Rf1 e5 21. Bc1 Kh8 22. h3 Nf6 23. f4 Nd7 24. Kh2 Rc8 25. a4 a6 26. b3 b5 27. axb5 axb5 28.
Qb1 Bg8 29. Ng1 Bd6 30. f5 c4 31. bxc4 bxc4 32. dxc4 Bxc4 33. Rf2 Qb6 34. Rb2 Qa6 35.
Nf3 Be2 36. Rdd2 Bxf3 37. Bxf3 Rc3 38. Rf2 Qc6 39. Bd2 Ra3 40. Bg2 Be7 41. Rb7 Bg5 42. Bxg5 hxg5 43. Qb4 Rfa8 44. f6 Nxf6 45. Qe7 Nh5 46.
Qxg5 Qh6 47. Qxe5 d3 48. Rb8+ Rxb8 49. Qxb8+ Kh7 50. e5 Qe3 51. Rf3 Qe2 52. Rf8 Ra2 53. Rh8+ Kg6 54. Qd6+ Kf5 55. Qd7+ Kg5 56. h4+ Kg6 57.
Qe8+ Kf5 58. Rxh5+ 1-0

[Event "*** SCC Grand Prix: Titled Tuesday Blitz"]
[Site "Chess.com"]
[Date "2020.07.07"]
[Round "8"]
[White "aripov96"]
[Black "Klavdia_Nik"]
[Result "1/2-1/2"]
[WhiteElo "2361"]
[BlackElo "2055"]
[TimeControl "180+1"]
[EndTime "11:37:08 PDT"]
[Termination "Game drawn by repetition"]

1. e4 e6 2. d4 d5 3. Nc3 dxe4 4.
Nxe4 Bd7 5. Bd3 Bc6 6. Ne2 Nd7 7. O-O Ngf6 8. f3 g6 9. Bg5 Bg7 10. c3 O-O 11. Qd2 b6 12. N2g3 e5 13. Nxf6+ Bxf6 14. Bxf6 Qxf6 15. Ne4 Qe7 16. Rfe1 exd4 17. cxd4 Rad8 18.
Rac1 Nb8 19. Qh6 Bxe4 20. Rxe4 Qf6 21. Rh4 Qg7 22. Qxg7+ Kxg7 23. Rxc7 Rd7 24. Rxd7 Nxd7 25.
Re4 Kf6 26. Re2 Rd8 27. Kf2 Nf8 28. Rc2 Rxd4 29. Ke3 Rd7 30. Bb5 Re7+ 31. Kf2 Ne6 32.
Bc4 h5 33. Bxe6 Rxe6 34. Rc7 a5 35. Rb7 h4 36. b3 g5 37. f4 g4 38. h3 gxh3 39.
gxh3 Rc6 40. Kf3 Kg6 41. Kg4 Rf6 42. f5+ Rxf5 43. Rxb6+ f6 44. Kxh4 Rf4+ 45. Kg3 Rf5 46. Ra6 Rb5 47. h4 Rc5 48. Ra8 Rd5 49. Kg4 Rd4+ 50.
Kg3 Rd5 51. Kf4 Rd4+ 52. Kg3 Rd5 1/2-1/2

[Event "*** SCC Grand Prix: Titled Tuesday Blitz"]
[Site "Chess.com"]
[Date "2020.07.07"]
[Round "8"]
[White "zajka-molotok"]
[Black "FMKonstantin_Twitch"]
[Result "1-0"]
[WhiteElo "2436"]
[BlackElo "2548"]
[TimeControl "180+1"]
[EndTime "11:37:09 PDT"]
[Termination "zajka-molotok won by resignation"]

1. c4 Nf6 2. Nc3 g6 3. e4 d6 4. g3 Bg7 5. Bg2 O-O 6. f4 e5 7. d3 c6 8. Nf3 b5 9. cxb5 cxb5 10. O-O b4 11. Ne2 Qb6+ 12. Kh1 Ng4 13. d4 exd4 14. Nfxd4 Ba6 15. h3 Bxd4 16. Nxd4 Bxf1 17. Qxf1 Qxd4 18. hxg4 Nd7 19. Qe2 Rae8 20. Be3 Rxe4 21. Re1 Rfe8 22. Bxe4 Qxe4+ 23. Qg2 Nc5 24. Qxe4 Rxe4 25.
Kg2 Nd3 26. Re2 d5 27. Kf3 a5 28. Rd2 Ne1+ 29. Kf2 a4 30. b3 axb3 31. axb3 h5 32. gxh5 gxh5 33. Bc5 Nc2 34. Rxc2 h4 35. Bd6 hxg3+ 36.
Kxg3 Re3+ 37. Kg4 Rxb3 38. Rd2 Rb1 39. Rxd5 b3 40. Kf5 Rh1 41. Be5 Rh5+ 42. Ke4 Kh7 43. Rd7 Kg6 44. Rb7 Rh3 45. f5+ Kg5 46. Bf4+ Kg4 47. f6 Rh7 48. Be5 Kh5 49. Rxb3 Kg6 50. Rg3+ Kh6 51. Rh3+ Kg6 52. Rxh7 Kxh7 53. Kd5 Kg6 54.
Kd6 Kf5 55. Bb2 Kg6 56. Ke7 1-0

[Event "*** SCC Grand Prix: Titled Tuesday Blitz"]
[Site "Chess.com"]
[Date "2020.07.07"]
[Round "8"]
[White "lucachess49"]
[Black "Maili15"]
[Result "1-0"]
[WhiteElo "2387"]
[BlackElo "2254"]
[TimeControl "180+1"]
[EndTime "11:37:10 PDT"]
[Termination "lucachess49 won by checkmate"]

1. d4 d5 2. c4 e6 3. Nc3 c6 4. Nf3 dxc4 5. e3 b5 6. a4 Bb4 7. Bd2 a5 8. axb5 Bxc3 9. Bxc3 cxb5 10. b3 Bb7 11. bxc4 b4 12. Bd2 Nf6 13. Bd3 O-O 14. O-O Nbd7 15. Qe2 Ne4 16. Rfb1 Qc7 17. Be1 Rfb8 18.
Rb2 Bc6 19. Qc2 Nef6 20. e4 e5 21. Bd2 Re8 22. Re1 Rab8 23. h3 b3 24. Qc3 a4 25.
d5 Bb7 26. Ra1 Nc5 27. Be3 Ra8 28. Bxc5 Qxc5 29. Nxe5 Qd6 30. f4 Nh5 31. c5 Qh6 32. c6 Nxf4 33. cxb7 Qb6+ 34. Kh1 Qxb7 35. Nc6 Nxd3 36. Qxd3 Ra6 37. Nd4 Rb8 38. Nxb3 axb3 39. Rxa6 Rc8 40. Rc6 Ra8 41. Rxb3 Ra1+ 42. Kh2 Qa7 43.
Rcb6 g6 44. d6 Kg7 45. d7 Qc7+ 46. Qd6 Qd8 47. Qe5+ Kf8 48. Rb8 Ra8 49. Rxd8+ Rxd8 50. Qd6+ Kg7 51. Rb8 Rxb8 52. Qxb8 h5 53. d8=Q Kh6 54. Qh8+ Kg5 55. Qbe5+ f5 56. Qe7+ Kf4 57. exf5 gxf5 58. Qhe5# 1-0

[Event "*** SCC Grand Prix: Titled Tuesday Blitz"]
[Site "Chess.com"]
[Date "2020.07.07"]
[Round "8"]
[White "2008king"]
[Black "Michaelson_11"]
[Result "0-1"]
[WhiteElo "2247"]
[BlackElo "2124"]
[TimeControl "180+1"]
[EndTime "11:37:10 PDT"]
[Termination "Michaelson_11 won by checkmate"]

1. e4 c5 2. Nf3 e6 3. d4 cxd4 4. Nxd4 Nc6 5. Nc3 Qc7 6. Be3 a6 7. Be2 Nf6 8. O-O Bb4 9. f4 Bxc3 10. bxc3 Nxe4 11. Qd3 d5 12. c4 O-O 13. cxd5 exd5 14. c4 Be6 15. f5 Ne5 16. Qb1 Nc3 17. Qc2 Nxe2+ 18. Qxe2 Qxc4 19. fxe6 fxe6 20. Qxc4 Nxc4 21.
Bf2 e5 22. Ne6 Rf6 23. Nc7 Rd8 24. Rad1 d4 25. Bh4 Rxf1+ 26. Rxf1 Rc8 27. Ne6 Ne3 28. Re1 Rc2 29. Bf2 Nc4 30. h3 Rxa2 31. Nc5 Kf7 32. Nxb7 Ke6 33. Nc5+ Kd5 34. Nd3 Ra3 35. Nb4+ Kc5 36.
Nc2 Rc3 37. Rc1 a5 38. Kf1 a4 39. Ke2 Kb5 40. Kd1 Nb2+ 41. Kd2 Nc4+ 42. Kd1 d3 43.
Nd4+ exd4 44. Bxd4 Rxc1+ 45. Kxc1 g6 46. g4 a3 47. g5 Ka4 48. Bc3 Kb3 49. Bg7 a2 50. Kd1 Nb2+ 51. Kd2 a1=Q 52. Bxb2 Qxb2+ 53. Kxd3 Qh2 54. Ke4 Qxh3 55. Kd5 Qg2+ 56. Ke6 Qxg5 57. Kf7 h5 58. Kg7 h4 59. Kh8 h3 60. Kg7 h2 61.
Kg8 h1=Q 62. Kg7 Qb7+ 63. Kg8 Qd8# 0-1

[Event "*** SCC Grand Prix: Titled Tuesday Blitz"]
[Site "Chess.com"]
[Date "2020.07.07"]
[Round "8"]
[White "Witik"]
[Black "Oligan22"]
[Result "1-0"]
[WhiteElo "2649"]
[BlackElo "2476"]
[TimeControl "180+1"]
[EndTime "11:37:13 PDT"]
[Termination "Witik won by resignation"]

1. d4 d5 2. Bf4 Nf6 3. e3 c5 4. c3 Nc6 5. Nd2 Bf5 6. Ngf3 e6 7. Nh4 Bg6 8. Qb3 Qd7 9. Nxg6 hxg6 10. h3 Be7 11. Be2 O-O 12. O-O c4 13. Qc2 b5 14.
e4 Rfc8 15. e5 Nh7 16. Be3 b4 17. f4 a5 18. g4 a4 19. a3 bxa3 20. bxa3 Nf8 21.
f5 exf5 22. gxf5 gxf5 23. Rxf5 Nd8 24. Bg4 Nfe6 25. Raf1 Bxa3 26. Nf3 Be7 27. h4 a3 28. Ng5 Bxg5 29. hxg5 a2 30. Ra1 Qa4 31. Rf2 Rcb8 32. Qxa4 Rxa4 33. Rfxa2 Rxa2 34. Rxa2 Rb3 35. Ra8 Kh7 36. Bd2 Kg6 37. Kf2 Nc6 38. Ra6 Ncd8 39. Ke2 Rb2 40. Kd1 Rb8 41. Bf3 Kf5 42. Bxd5 Nxg5 43.
Bxc4 Nf3 44. Bd3+ Kg4 45. Be3 Ng5 46. d5 Nf3 47. Be2 Kg3 48. e6 fxe6 49. dxe6 Nxe6 50. Rxe6 Rd8+ 51. Kc1 Nh4 52. c4 Nf5 53. Bb6 Rc8 54. Bd3 Nh4 55. c5 g5 56. c6 g4 57. c7 Kh2 58. Rh6 Kh3 59. Ba6 g3 60. Bxc8+ 1-0

[Event "*** SCC Grand Prix: Titled Tuesday Blitz"]
[Site "Chess.com"]
[Date "2020.07.07"]
[Round "8"]
[White "Stormeman100100"]
[Black "PavelShkapenko"]
[Result "1/2-1/2"]
[WhiteElo "2435"]
[BlackElo "2582"]
[TimeControl "180+1"]
[EndTime "11:37:13 PDT"]
[Termination "Game drawn by agreement"]

1. d4 Nf6 2. c4 e6 3. Nf3 Bb4+ 4. Nbd2 d5 5. Qc2 O-O 6. g3 b6 7. Bg2 Bb7 8. O-O Nbd7 9. a3 Be7 10. b3 c5 11. Bb2 Rc8 12. Rac1 cxd4 13. Nxd4 a6 14. Qb1 Rc7 15. cxd5 Nxd5 16. Rxc7 Qxc7 17. Rc1 Qb8 18. Nc6 Bxc6 19. Rxc6 Rc8 20. Qc2 Rxc6 21. Qxc6 N5f6 22. Nc4 h6 23. Bxf6 Nxf6 24. Nxb6 Bxa3 25. e3 Bf8 26.
Bf3 Qe5 27. Kg2 Qb5 28. Qxb5 axb5 29. Be2 Bc5 30. Na8 b4 31. Nc7 Kf8 32. Na6 Bd6 33.
f4 Nd5 34. Kf3 Ke7 35. e4 Nc3 36. Bc4 f6 37. e5 fxe5 38. fxe5 Bxe5 39. Nxb4 Kd6 40.
Nd3 Bd4 41. Nf2 e5 42. Ne4+ Nxe4 43. Kxe4 Kc5 44. g4 g5 45. h3 Bc3 46. Be6 Kb4 47.
Bc4 Bd4 48. Kf5 Bc3 49. Kg6 Be1 50. Kxh6 Bh4 51. Kg6 Kc5 52. Kf5 Kd4 53. Bf1 e4 54. b4 e3 55. b5 Kc5 56. Ke4 Bf2 57. h4 Bxh4 58. Kxe3 Kb6 59. Ke4 Bg3 60. Kf5 Bf4 61.
Kf6 Be3 62. Be2 1/2-1/2

[Event "*** SCC Grand Prix: Titled Tuesday Blitz"]
[Site "Chess.com"]
[Date "2020.07.07"]
[Round "8"]
[White "Jungle_Jaguar"]
[Black "jocmil"]
[Result "1-0"]
[WhiteElo "2655"]
[BlackElo "2482"]
[TimeControl "180+1"]
[EndTime "11:37:15 PDT"]
[Termination "Jungle_Jaguar won by resignation"]

1. e4 e6 2. d4 d5 3. Nc3 Nf6 4. Bg5 Bb4 5. e5 h6 6. Bd2 Bxc3 7. bxc3 Ne4 8. Qg4 Kf8 9. Bd3 Nxd2 10. Kxd2 c5 11. Nf3 Nc6 12. dxc5 Qa5 13. Qf4 Qxc5 14. Nd4 Bd7 15. h4 Rc8 16. Rhb1 Na5 17. Ne2 b6 18. Qd4 Qxd4 19. cxd4 Ke7 20. a4 Rc7 21. h5 Rhc8 22. c3 Rc4 23. Bxc4 Rxc4 24. Nc1 Rxa4 25. Rxa4 Bxa4 26.
Ra1 Bb5 27. g4 Nc4+ 28. Ke1 a5 29. Rb1 Bc6 30. f4 Ba4 31. g5 Bc2 32. Ra1 Kd7 33. Ne2 a4 34. Ng1 a3 35. Nf3 Be4 36. Nd2 Ne3 37.
Ra2 Nc2+ 38. Kd1 Ne3+ 39. Kc1 Ng2 40. Nxe4 Nxf4 41. Nf2 hxg5 42. Rxa3 Nxh5 43. Ra7+ Ke8 44. Rb7 Nf4 45. Kd2 f5 46. Rxg7 g4 47. Nh1 Nh5 48.
Rh7 Nf4 49. Ng3 Nh3 50. Ne2 Nf2 51. Nf4 Ne4+ 52. Kd3 g3 53. Rg7 Kf8 54. Rg6 Kf7 55.
Ke3 Nxc3 56. Rxg3 1-0

[Event "*** SCC Grand Prix: Titled Tuesday Blitz"]
[Site "Chess.com"]
[Date "2020.07.07"]
[Round "8"]
[White "TokChess"]
[Black "AlexSuv"]
[Result "1/2-1/2"]
[WhiteElo "2428"]
[BlackElo "2561"]
[TimeControl "180+1"]
[EndTime "11:37:16 PDT"]
[Termination "Game drawn - insufficient material"]

1. Nf3 d5 2. g3 c6 3. Bg2 Nf6 4. O-O Bg4 5. d4 Nbd7 6. Nbd2 e6 7. Re1 Be7 8. e4 O-O 9. c3 c5 10. exd5 Nxd5 11. Qb3 cxd4 12. cxd4 Qb6 13. Nc4 Qxb3 14. axb3 Bb4 15. Bd2 Bxd2 16. Nfxd2 N7f6 17. Ne5 Bf5 18. Rec1 a6 19. Ndc4 Rfd8 20. Na5 Rab8 21. Bf3 Be4 22. Kg2 g6 23. Rc4 Bxf3+ 24. Kxf3 Nd7 25. Rac1 N7b6 26. Rc5 Kg7 27. Nac4 Nd7 28. Ra5 N7f6 29. Ne3 Rbc8 30. Rac5 Rxc5 31. Rxc5 Kf8 32. h4 h5 33. N3c4 Ke7 34.
Ra5 Nb4 35. Rc5 Nfd5 36. Ne3 Rg8 37. Rc4 f6 38. Nxd5+ exd5 39. Rxb4 fxe5 40. Rxb7+ Kf6 41. Rb6+ Kf5 42. dxe5 Kxe5 43. Rxa6 Rb8 44. Rxg6 Rxb3+ 45. Kg2 Rxb2 46. Rg5+ Ke4 47. Rxh5 d4 48. Rh8 d3 49. Re8+ Kd4 50. Rd8+ Kc3 51. h5 d2 52. g4 Rb4 53. Rxd2 Kxd2 54. Kg3 Kd3 55. f3 Kd4 56. f4 Ke4 57. h6 Rb3+ 58. Kh4 Kxf4 59. h7 Rb1 60.
Kh5 Rh1+ 61. Kg6 Kxg4 62. Kg7 Rxh7+ 63. Kxh7 1/2-1/2

[Event "*** SCC Grand Prix: Titled Tuesday Blitz"]
[Site "Chess.com"]
[Date "2020.07.07"]
[Round "8"]
[White "jonychess03"]
[Black "GracefulYear"]
[Result "0-1"]
[WhiteElo "2311"]
[BlackElo "2435"]
[TimeControl "180+1"]
[EndTime "11:37:16 PDT"]
[Termination "GracefulYear won by checkmate"]

1. c4 c5 2. Nc3 Nf6 3. g3 g6 4. Bg2 Bg7 5. Nf3 O-O 6. O-O Nc6 7. d4 cxd4 8. Nxd4 Nxd4 9. Qxd4 d6 10. e4 Qc7 11.
Qd3 Nd7 12. b3 b6 13. Be3 Bb7 14. Rac1 Nc5 15. Bxc5 dxc5 16. Rfd1 Bxc3 17. Qxc3 Rad8 18. Qc2 e5 19. Rxd8 Rxd8 20. Rd1 Rd4 21. Rxd4 exd4 22.
Qd3 Bc6 23. f4 Qb7 24. h3 f5 25. exf5 Bxg2 26. fxg6 Be4 27. gxh7+ Qxh7 28. Qe2 Qf5 29. Kf2 Bc6 30. Qe7 Qc2+ 31. Ke1 Qc1+ 32. Ke2 Qc2+ 33.
Ke1 Qb1+ 34. Ke2 Qxa2+ 35. Ke1 Qb1+ 36. Kd2 Qb2+ 37. Ke1 Qc1+ 38. Ke2 Qc2+ 39. Kf1 Qd1+ 40. Kf2 Qd2+ 41. Kf1 Qd3+ 42. Kf2 Qf3+ 43. Ke1 Qxg3+ 44.
Kd1 Qf3+ 45. Kc1 Qxf4+ 46. Kb2 Qf2+ 47. Ka3 Qf7 48. Qg5+ Kf8 49. Qd8+ Be8 50. Qd6+ Qe7 51. Qh6+ Kf7 52. Qh5+ Ke6 53. Qg4+ Kd6 54. Qf4+ Kd7 55.
Qf5+ Kc7 56. Qf4+ Kb7 57. Qf3+ Bc6 58. Qg3 Ka6 59. h4 Qf7 60. Qd6 Kb7 61. h5 Qxh5 62. Qe7+ Ka6 63. b4 Qf3+ 64. Ka2 Qg2+ 65. Ka3 Qh3+ 66.
Ka2 Qh2+ 67. Ka3 cxb4+ 68. Kxb4 Qb2# 0-1

[Event "*** SCC Grand Prix: Titled Tuesday Blitz"]
[Site "Chess.com"]
[Date "2020.07.07"]
[Round "8"]
[White "snap_man"]
[Black "CroissantNeuf"]
[Result "1-0"]
[WhiteElo "2309"]
[BlackElo "2401"]
[TimeControl "180+1"]
[EndTime "11:37:16 PDT"]
[Termination "snap_man won on time"]

1. Nf3 Nf6 2. g3 g6 3. b3 Bg7 4. Bb2 O-O 5. Bg2 d5 6. O-O c5 7. d3 Re8 8. Nbd2 Nc6 9. Ne5 Nd4 10. c4 Ng4 11. Bxd4 cxd4 12. Nxg4 Bxg4 13. Bxd5 Qd7 14. b4 Rac8 15. Nb3 b6 16. a4 h5 17. a5 b5 18.
Nc5 Qf5 19. Be4 Qg5 20. h4 Qe5 21. cxb5 f5 22. Bf3 f4 23. Kg2 g5 24. Qd2 Bh6 25.
Bxg4 hxg4 26. h5 f3+ 27. exf3 gxf3+ 28. Kh2 Kg7 29. Rae1 Qf5 30. Ne6+ Kh7 31. Nxd4 Qg4 32. Qe3 Qxh5+ 33. Kg1 g4 34. Qe4+ Kh8 35. Qe5+ Qxe5 36.
Rxe5 Bg7 37. Re4 Rcd8 38. Ne6 Rxd3 39. Nxg7 Kxg7 40. Rxg4+ Kf6 41. Re1 e5 42. Rh4 Kf5 43. Rh5+ Kf6 44. b6 axb6 45. Rh6+ Kf5 46. Rxb6 Rd2 47.
a6 Rc8 48. Rb5 Re8 49. a7 Re2 50. Kf1 1-0

[Event "*** SCC Grand Prix: Titled Tuesday Blitz"]
[Site "Chess.com"]
[Date "2020.07.07"]
[Round "8"]
[White "Thee-Chessboy"]
[Black "VovenRogel"]
[Result "0-1"]
[WhiteElo "2542"]
[BlackElo "2729"]
[TimeControl "180+1"]
[EndTime "11:37:17 PDT"]
[Termination "VovenRogel won by resignation"]

1. d4 Nf6 2. c4 g6 3. Nf3 Bg7 4. g3 O-O 5. Bg2 d6 6. O-O c5 7. Nc3 Nc6 8. dxc5 dxc5 9. Be3 Qb6 10. Na4 Qc7 11. Bxc5 Rd8 12. Qc1 Bf5 13. Be3 Ng4 14. Bd2 Rac8 15. Nc3 Nb4 16. b3 Nc2 17. Rb1 Nb4 18.
e4 Nd3 19. Qc2 Nb4 20. Qc1 Nd3 21. Qa3 Bxc3 22. Bxc3 Bxe4 23. Nd4 Bxg2 24. Kxg2 e5 25. Nc2 Qc6+ 26. f3 a6 27. Rbd1 Rd7 28. h3 Nf6 29.
Ne3 Rcd8 30. Kh2 b5 31. Qa5 h5 32. h4 Kh7 33. cxb5 axb5 34. Ba1 Ra8 35. Qd2 Nc5 36. Qg2 Rda7 37. Rd2 Ncd7 38. Rfd1 Qe6 39. Nd5 Nxd5 40. Rxd5 Rxa2 41. R5d2 Rxa1 42. Rxd7 R1a2 43. R1d2 Qxb3 44. Rxa2 Rxa2 45. Rd2 Rxd2 46. Qxd2 Qxf3 47. Qb2 e4 48. Qxb5 e3 49. Qb2 e2 50. Qd2 Qf2+ 0-1

[Event "*** SCC Grand Prix: Titled Tuesday Blitz"]
[Site "Chess.com"]
[Date "2020.07.07"]
[Round "8"]
[White "XiaoKangZhong"]
[Black "Thipsay"]
[Result "1/2-1/2"]
[WhiteElo "2402"]
[BlackElo "2518"]
[TimeControl "180+1"]
[EndTime "11:37:17 PDT"]
[Termination "Game drawn by repetition"]

1. e4 e5 2. Nf3 Nc6 3. Bc4 Nf6 4. d3 Be7 5. O-O O-O 6. Nbd2 d5 7. exd5 Nxd5 8. Ne4 Kh8 9. Nfg5 f6 10. Nxh7 Kxh7 11. Qh5+ Kg8 12. Nc3 Be6 13. Qf3 Nd4 14. Qe4 Nxc3 15.
Bxe6+ Nxe6 16. bxc3 c6 17. Qc4 Qd5 18. Qg4 f5 19. Qh5 f4 20. Bd2 f3 21. g3 e4 22.
Qg4 exd3 23. Rfe1 Rf6 24. cxd3 Bc5 25. d4 Bb6 26. Re5 Qd6 27. Rae1 Nf8 28. Re7 Rf7 29.
Rxf7 Kxf7 30. Qxf3+ Kg8 31. Qg4 Qd7 32. Qxd7 Nxd7 33.
Re7 Rd8 34. Bf4 Kf8 35. Bd6 Kg8 36. Ba3 c5 37. d5 c4 38. d6 Nf6 39. Rxb7 Ne4 40. d7 Nf6 41. Be7 Rxd7 42. Rb8+ Kf7 43. Bxf6 Kxf6 44. Rc8 Rd2 45. Rxc4 Rxf2 46. Rc6+ Kg5 47. Rxb6 Rxa2 48. Rb5+ Kg4 49. Rb4+ Kf3 50. Rf4+ Ke3 51. Rf7 a5 52. Rxg7 a4 53. Ra7 a3 54.
Ra6 Kd3 55. c4 Kxc4 56. Ra8 Kb3 57. Rb8+ Kc3 58. Rc8+ Kb3 59. Rb8+ Kc3 60. Rc8+ Kb3 61. Rb8+ 1/2-1/2

[Event "*** SCC Grand Prix: Titled Tuesday Blitz"]
[Site "Chess.com"]
[Date "2020.07.07"]
[Round "8"]
[White "Grandmaster2B"]
[Black "NarminSoyunlu"]
[Result "1-0"]
[WhiteElo "2421"]
[BlackElo "2048"]
[TimeControl "180+1"]
[EndTime "11:37:17 PDT"]
[Termination "Grandmaster2B won by resignation"]

1. e4 e6 2. d4 d5 3. Nd2 Nf6 4. e5 Nfd7 5. Bd3 c5 6. c3 Nc6 7.
Ne2 cxd4 8. cxd4 f6 9. exf6 Qxf6 10. Nf3 h6 11. O-O Bd6 12. Bb1 O-O 13. Qd3 Rd8 14.
a3 Nf8 15. Ng3 Bd7 16. Re1 Be8 17. Qe3 Rac8 18. Bd2 a6 19. Bd3 Bg6 20. Bf1 Bf7 21. Ne5 Nxd4 22. Qxd4 Rc4 23. Qe3 Bc5 24. Qf3 Rc2 25.
Qxf6 gxf6 26. Nxf7 Kxf7 27. Rac1 Bxf2+ 28. Kxf2 Rxd2+ 29. Re2 Rxe2+ 30. Bxe2 Rd7 31. b4 Ng6 32. Bh5 Kg7 33. Ne2 Ne5 34. Ke3 Nc4+ 35. Kd3 e5 36. a4 Nb2+ 37.
Kd2 Nxa4 38. Bg4 Re7 39. Bc8 Nb6 40. Bh3 d4 41. Kd3 Nd5 42. Ng3 Nxb4+ 43. Ke4 Kg6 44.
Nf5 Re8 45. Nd6 Re7 46. Bf5+ Kg7 47. Bc8 f5+ 48. Nxf5+ Kf6 49. Nxe7 Kxe7 50. Bxb7 Kd6 51. Rb1 a5 52. Ra1 Kc7 53. Bd5 Kd6 54. Rxa5 d3 55.
Ra1 Nxd5 56. Ra6+ Kc5 57. Ra5+ Kc4 58. Rxd5 d2 59. Rxd2 1-0

[Event "*** SCC Grand Prix: Titled Tuesday Blitz"]
[Site "Chess.com"]
[Date "2020.07.07"]
[Round "8"]
[White "BogdanDeac"]
[Black "tsvet2005"]
[Result "1-0"]
[WhiteElo "2806"]
[BlackElo "2634"]
[TimeControl "180+1"]
[EndTime "11:37:19 PDT"]
[Termination "BogdanDeac won by checkmate"]

1. Nf3 d5 2. d4 Nf6 3. c4 e6 4. g3 dxc4 5. Bg2 Bb4+ 6. Bd2 a5 7. a3 Bxd2+ 8. Nbxd2 b5 9. b3 cxb3 10. Qxb3 Ba6 11.
O-O O-O 12. Rfc1 Nbd7 13. e3 Rc8 14. Rc6 Bb7 15. Rc2 c5 16. Qxb5 Bc6 17. Qa6 Nb8 18. Qa7 cxd4 19. Nxd4 Bxg2 20. Rxc8 Qxc8 21. Kxg2 e5 22. N4f3 Qc3 23. Rb1 Nc6 24. Qc7 Nd5 25. Qb7 Nce7 26. e4 Nf4+ 27. gxf4 Ng6 28. fxe5 Nf4+ 29.
Kh1 Rc8 30. h4 h5 31. Rg1 Rd8 32. e6 Nxe6 33. Qb3 Qf6 34. Rg3 Qf4 35. Kg1 Qd6 36. Qe3 Qe7 37. Nf1 Rc8 38. Ng5 Rc2 39. Nxe6 Qxe6 40.
Qf4 f6 41. Rf3 Rc4 42. Re3 Rc8 43. Kg2 Rc4 44. Ng3 a4 45. Qf5 Qe7 46. Qxh5 Rc1 47. Qd5+ Kh7 48. Rd3 Qc7 49. Qh5+ Kg8 50. Qe8+ Kh7 51.
Rd8 Qc5 52. Qh8+ Kg6 53. Qe8+ Kh7 54. h5 Rg1+ 55. Kxg1 Qc1+ 56. Kg2 Kh6 57. Qg6# 1-0